 Dungeon Crawl Stone Soup version 0.27-a0-1497-gf8f22f7954 (webtiles) character file.

Game seed: 15870693175501483793

102 Lekart the Slasher (level 4, -4/40 HPs)
             Began as a Draconian Chaos Knight on July 7, 2021.
             Was a Plaything of Xom.
             Killed by divine providence
             ... invoked by an orc priest
              (11 damage)
             ... on level 3 of the Dungeon.
             The game lasted 00:03:07 (2098 turns).

Lekart the Slasher (Draconian Chaos Knight)         Turns: 2098, Time: 00:03:07

Health: -4/40      AC:  5    Str: 15    XL:     4   Next: 50%
Magic:  5/6        EV: 12    Int: 12    God:    Xom [..*...]
Gold:   646        SH:  0    Dex: 11    Spells: 5/5 levels left

rFire    . . .     SeeInvis .   e - +2 triple sword (drain)
rCold    . . .     Faith    .   (shield currently unavailable)
rNeg     . . .     Spirit   .   (armour unavailable)
rPois    .         Reflect  .   (helmet restricted)
rElec    .         Harm     .   (no cloak)
rCorr    +         Rampage  .   (no gloves)
Will     .....                  (no boots)
Stlth    +.........             (no amulet)
HPRegen  0.13/turn              d - ring of resist corrosion
MPRegen  0.10/turn              (no ring)

@: no status effects
A: AC +5, unfitting armour, cold-blooded
a: Renounce Religion


You were on level 3 of the Dungeon.
You worshipped Xom.
You were a toy of Xom.
You visited 1 branch of the dungeon, and saw 3 of its levels.

You collected 646 gold pieces.

Inventory:

Hand Weapons
 a - a +0 falchion of chaos
 e - a +2 triple sword of draining (weapon)
Jewellery
 d - a ring of resist corrosion (left hand)
 g - a +6 ring of strength
 h - an amulet of magic regeneration
Wands
 f - a wand of polymorph (6)
Scrolls
 c - a scroll of immolation {unknown}
Potions
 b - a potion of might


   Skills:
 + Level 4.0 Fighting
 + Level 4.1 Long Blades
 + Level 2.7 Dodging
 + Level 0.1 Unarmed Combat
 * Level 1.3 Spellcasting


You had 5 spell levels left.
You didn't know any spells.
Your spell library contained the following spells:

 Spells                   Type           Power      Damage    Failure   Level
 Inner Flame              Hex/Fire       0%         N/A       65%         3
 Cause Fear               Hex            0%         N/A       96%         4
 Discord                  Hex            0%         N/A       100%        8


Dungeon Overview and Level Annotations

Branches:
Dungeon (3/15)

Altars:

Shops:
D:1 !


Innate Abilities, Weirdness & Mutations

Your plain brown scales are hard. (AC +5)
You cannot fit into any form of body armour.
You are cold-blooded and may be slowed by cold attacks.


Message History

i - a scroll of acquirement Something appears at your feet!
You now have enough gold to buy a potion of mutation on D:1.
You can access your shopping list by pressing '$'.
You now have 646 gold pieces (gained 552). 4 gnolls come into view.
The gnoll shouts! x2; You hear a shout!
The gnoll shouts!
You hear a shout!
There are monsters nearby!
You slice the gnoll!!
You kill the gnoll!
An orc comes into view. It is wielding a +0 whip.
The gnoll hits you from afar with a +0 halberd.
The orc moves out of view.
Your Fighting skill increases to level 4!
Your Long Blades skill increases to level 4!
An orc priest comes into view. It is wielding a +0 mace.
The orc priest shouts!
The gnoll hits you with a +0 spear. The gnoll hits you but does no damage.
You see here a +0 club.
You hit the gnoll.
The gnoll is moderately wounded.
An orc wizard comes into view. It is wielding a +0 dagger.
The gnoll closely misses you. The gnoll hits you with a +0 spear.
The gnoll hits you from afar with a +0 spear.
The orc wizard moves out of view.
You slice the gnoll!!
You kill the gnoll!
The gnoll closely misses you.
The gnoll hits you from afar with a +0 spear!
The gnoll hits you with a +0 spear. The gnoll hits you but does no damage.
The orc barely misses you.
You are too injured to fight recklessly!
You are too injured to fight recklessly!
The gnoll hits you from afar with a +0 spear!
* * * LOW HITPOINT WARNING * * *
The orc priest miscasts a cantrip.
The orc priest invokes the aid of Beogh against you.
Beogh smites you!
You die...
Xom guffaws!

#o).......
#g#.......
#g########
#o# #.#
##########
#.#
#.........
#o#
#.########
#.########.#
#.@........#
############


You could see an orc priest, 2 gnolls and an orc.

Vanquished Creatures
  Ijyb (D:3)
  2 gnolls (D:3)
  An adder (D:2)
  4 endoplasms (D:1)
  3 goblins
  4 hobgoblins (D:1)
  10 jackals
  3 quokkas
  4 ball pythons (D:1)
  4 bats (D:1)
  A frilled lizard (D:1)
  5 kobolds
  4 rats
46 creatures vanquished.

Notes
Turn   | Place    | Note
-------+----------+-------------------------------------------
     0 | D:1      | Lekart the Draconian Chaos Knight began the quest for the
                  | Orb.
     0 | D:1      | Reached XP level 1. HP: 19/19 MP: 1/1
    74 | D:1      | XOM: divination: magic mapping
   144 | D:1      | Reached XP level 2. HP: 24/26 MP: 2/2
   384 | D:1      | XOM: silly message
   461 | D:1      | XOM: silly message
   569 | D:1      | Found Opnuelel's Distillery.
   586 | D:1      | XOM: silly message
   642 | D:1      | XOM: cast spell 'Summon Small Mammal'
   665 | D:1      | XOM: enchant monster (good)
   667 | D:1      | XOM: noise
   668 | D:1      | Reached XP level 3. HP: 12/33 MP: 4/4
   743 | D:1      | XOM: silly message
   853 | D:1      | XOM: silly message
  1652 | D:2      | Found a faded altar of an unknown god.
  1688 | D:2      | XOM: silly message
  1743 | D:2      | Reached skill level 1 in Spellcasting
  1883 | D:2      | Identified a scroll of acquirement
  1883 | D:2      | Acquired a +1 triple sword of draining
  1963 | D:3      | XOM: potion effect (curing)
  2014 | D:3      | Noticed Ijyb
  2034 | D:3      | Killed Ijyb
  2035 | D:3      | Reached XP level 4. HP: 39/40 MP: 5/5
  2070 | D:3      | Acquired 552 gold pieces
  2098 | D:3      | Killed from afar by an orc priest

Illustrated notes

Levels and vault maps discovered:
D:1:      psy_arrival_spokes, layout_loops_ring, serial_shops,
          nicolae_shop_window_shopping
D:2:      layout_basic, hellmonk_ecumenical_altar_lost_god
D:3:      layout_basic, uniq_sigmund, uniq_ijyb

Skill      XL: |  1  2  3  4 |
---------------+-------------+-----
Spellcasting   | 1 |  1.3
Fighting       | 4 |  4.0
Long Blades    | 4 |  4.1
Dodging        | |  2.7
Unarmed Combat | |  0.1

Action                   |  1- 3 |  4- 6 || total
-------------------------+-------+-------++-------
Melee: Falchion          |    94 |       ||    94
       Tailslap          |    12 |       ||    12
       Unarmed           |    15 |       ||    15
       Triple sword      |     8 |     4 ||    12
  Use: Scroll            |     5 |     1 ||     6
       Potion            |     4 |       ||     4
 Stab: Sleeping          |     2 |       ||     2
       Confused          |     1 |       ||     1
       Paralysed         |     1 |       ||     1
Armor: Skin              |    44 |     2 ||    46
Dodge: Dodged            |    87 |     3 ||    90
       Rpst.: Falchion   |    23 |       ||    23
       Triple sword      |     2 |       ||     2

Table legend: (Time is in decaauts)
 A = Elapsed time spent in this place.
 B = Non-inter-level travel time spent in this place.
 C = Inter-level travel time spent in this place.
 D = Time resting spent in this place.
 E = Time spent auto-exploring this place.
 F = Levels seen in this place.
 G = Mean time per level.
                   A        B        C        D        E       F      G
               +--------+--------+--------+--------+--------+-----+--------+
         Total |   2099 |   2048 |     51 |     47 |   1664 |   3 |  699.7 |
       Dungeon |   2099 |   2048 |     51 |     47 |   1664 |   3 |  699.7 |
               +--------+--------+--------+--------+--------+-----+--------+

Top non-repeatable levels by time:
     D:1: 1189 daAuts
     D:2: 733 daAuts
     D:3: 177 daAuts
